cohdb
Replays
Latest Replays
All Replays
Popular Replays
Top Player Replays
Match Explorer
How It Works
Community
CoH3 Stats
Reddit
Sign in to upload your games and track your stats! →
Sign in with Steam
Match 47213797
Unlisted
Match 47213797
Overview
Messages
Build Orders
End
Construct Section Command Post
Infantry Section
Infantry Section
Selects Canadian Shock Battlegroup
Infantry Section
Infantry Section
Grenade Package
Selects Incendiary Munitions
Construct Field Infirmary
Infantry Section
Construct Platoon Command Post
Selects Attacking Spirit
Infantry Training
Selects Pyrotechnics
Construct Company Command Post
Crusader II Medium Tank
Royal Engineer Section
Armored Vehicle Training
Selects Canadian Shock Section
Selects Smoke Operation
Selects Churchill Crocodile Heavy Tank
Vulpes
Ghost
CAuMOH
K̳itsuné
0
0
Comments
sign in to comment!
No comments posted yet!